[Event "Late-Titled-Tuesday-Blitz-March-19-2024"]
[Site "Chess.com"]
[Date "2024.03.19"]
[Round "3"]
[White "PedroGil25"]
[Black "Sanyura"]
[Result "1-0"]
[WhiteElo "2472"]
[BlackElo "2635"]
[TimeControl "180+1"]
[EndTime "14:27:18 PDT"]
[Termination "PedroGil25 won by checkmate"]

1. c4 Nf6 2. Nf3 g6 3. g3 d6 4.
d4 Bg7 5. Bg2 O-O 6. O-O Nbd7 7.
Nc3 e5 8. e4 exd4 9. Nxd4 Nc5 10. Re1 Re8 11. h3 Bd7 12. Qc2 Nfxe4 13. Nxe4 Bxd4 14.
Bg5 f6 15. Bh6 Bc6 16. Rad1 Bxe4 17. Bxe4 Rxe4 18. Rxe4 Nxe4 19. Rxd4 Nc5 20. b4 Ne6 21. Re4 Qd7 22. Qe2 Kf7 23. h4 f5 24. Re3 Re8 25. Qd3 c5 26. bxc5 Nxc5 27. Qd5+ Re6 28.
Qd4 Rxe3 29. Qg7+ Ke6 30. Qg8+ Qf7 31. Qc8+ Ke5 32. Bxe3 Qxc4 33. Qh8+ Ke4 34. Qxh7 Qe6 35. Bxc5 dxc5 36. Qxb7+ Kd3 37. Qxa7 c4 38. a4 c3 39. Qc5 c2 40. Kh2 Qc4 41. Qe3# 1-0

[Event "Late-Titled-Tuesday-Blitz-March-19-2024"]
[Site "Chess.com"]
[Date "2024.03.19"]
[Round "3"]
[White "Julianos82"]
[Black "miraitrunks"]
[Result "1-0"]
[WhiteElo "2400"]
[BlackElo "2170"]
[TimeControl "180+1"]
[EndTime "14:27:19 PDT"]
[Termination "Julianos82 won by checkmate"]

1. d4 Nf6 2. Nf3 e6 3. Bg5 Be7 4. e3 O-O 5. Nbd2 d5 6. Bd3 Nbd7 7. O-O c5 8. c3 b6 9. Ne5 Nxe5 10. dxe5 Nd7 11. Bxe7 Qxe7 12. f4 Bb7 13. Rf3 d4 14.
Rh3 g6 15. exd4 cxd4 16. cxd4 Rfd8 17. Be4 Rab8 18. Qf3 Bxe4 19. Nxe4 Qb4 20. Rd1 Qxb2 21. Ng5 h5 22. Rxh5 gxh5 23. Qxh5 Nf8 24. Qxf7+ Kh8 25. Qf6+ Kg8 26. f5 Rxd4 27. Qf7+ Kh8 28. Rf1 Rd2 29. Qh5+ Kg8 30. fxe6 Qxe5 31. Rxf8+ Rxf8 32. Qh7# 1-0

[Event "Late-Titled-Tuesday-Blitz-March-19-2024"]
[Site "Chess.com"]
[Date "2024.03.19"]
[Round "3"]
[White "ahkashefi2800"]
[Black "ChempionBg"]
[Result "1-0"]
[WhiteElo "2615"]
[BlackElo "2343"]
[TimeControl "180+1"]
[EndTime "14:27:20 PDT"]
[Termination "ahkashefi2800 won on time"]

1. d4 Nf6 2. Nf3 g6 3. Bf4 Bg7 4. e3 O-O 5. Nbd2 d5 6. c4 c6 7.
cxd5 cxd5 8. Bd3 Nc6 9. O-O Nb4 10. Bb5 Bf5 11. a3 Nd3 12. Bxd3 Bxd3 13. Re1 Rc8 14. Rc1 b6 15. Ne5 Bf5 16. Qa4 Rxc1 17. Rxc1 a5 18. Qb5 Ne4 19. Nxe4 Bxe4 20. Nc6 Qd7 21. Qxb6 Qg4 22.
Bg3 h5 23. f3 Bxf3 24. gxf3 Qxf3 25. Nxe7+ Kh7 26. Re1 Qg4 27. Kf2 h4 28. Bf4 g5 29.
Rg1 Qh3 30. Rxg5 f6 31. Rh5+ Bh6 32. Rxh6+ Kg7 33. Rxh4 Qxh4+ 34. Bg3 Qe4 35. Qc5 Rf7 36. Nxd5 Qf5+ 37. Nf4 Qxc5 38. Ne6+ Kg6 39. Nxc5 f5 40.
b3 1-0

[Event "Late-Titled-Tuesday-Blitz-March-19-2024"]
[Site "Chess.com"]
[Date "2024.03.19"]
[Round "3"]
[White "Rawnsdale"]
[Black "NowInChess"]
[Result "1-0"]
[WhiteElo "2522"]
[BlackElo "2274"]
[TimeControl "180+1"]
[EndTime "14:27:20 PDT"]
[Termination "Rawnsdale won on time"]

1. e4 e6 2. d4 d5 3. e5 c5 4.
c3 Nc6 5. Nf3 Qb6 6. Be2 f6 7. exf6 Nxf6 8. O-O Bd6 9. dxc5 Bxc5 10.
b4 Bxf2+ 11. Rxf2 Ng4 12. Qf1 O-O 13. h3 Nxf2 14. Qxf2 Qxf2+ 15. Kxf2 e5 16. Kg1 e4 17. Nd4 Nxd4 18. cxd4 Be6 19. Be3 Rac8 20. Nd2 Rc2 21.
a4 Rfc8 22. Ra3 Rxd2 23. Bxd2 Rc2 24. Kf2 Rxd2 25. Ke3 Rc2 26. b5 Kf7 27. a5 Ke7 28.
Rb3 Kd6 29. b6 a6 30. Bxa6 Bc8 31. Be2 Ra2 32. a6 Kc6 33. a7 Kd6 34. g4 h5 35.
gxh5 Bxh3 36. Bb5 Be6 37. Rc3 Bg4 38. Rc7 Ra3+ 39. Kf4 Bxh5 40. Rxb7 g6 41. Rb8 1-0

[Event "Late-Titled-Tuesday-Blitz-March-19-2024"]
[Site "Chess.com"]
[Date "2024.03.19"]
[Round "3"]
[White "lluiss"]
[Black "Vse_po_kaify"]
[Result "0-1"]
[WhiteElo "2258"]
[BlackElo "2479"]
[TimeControl "180+1"]
[EndTime "14:27:21 PDT"]
[Termination "Vse_po_kaify won by resignation"]

1. Nf3 d5 2. d4 Nf6 3. c4 e6 4.
cxd5 exd5 5. Nc3 c6 6. Qc2 Be7 7.
Bg5 Nbd7 8. e3 Nf8 9. Bd3 Ne6 10. Bxf6 Bxf6 11. Bxh7 g6 12. Bxg6 fxg6 13. Qxg6+ Ke7 14. O-O Rg8 15. Qh7+ Rg7 16. Qh6 Bd7 17. e4 Qh8 18.
Qxh8 Rxh8 19. exd5 Nf4 20. g3 Bg4 21. Rfe1+ Kd8 22.
Ne5 Bxe5 23. dxe5 Bf3 24. Re3 Bxd5 25. Nxd5 Nxd5 26. Rd1 Ke7 27. Re4 Ke6 28. f4 Rd7 29.
Red4 Rhd8 30. Kf2 c5 31. R4d2 c4 32. Rd4 b5 33. a4 c3 34. bxc3 Nxc3 35. f5+ Kxe5 36.
Rxd7 Nxd1+ 0-1

[Event "Late-Titled-Tuesday-Blitz-March-19-2024"]
[Site "Chess.com"]
[Date "2024.03.19"]
[Round "3"]
[White "Kombinator01"]
[Black "C_K_G"]
[Result "1-0"]
[WhiteElo "2412"]
[BlackElo "2194"]
[TimeControl "180+1"]
[EndTime "14:27:22 PDT"]
[Termination "Kombinator01 won on time"]

1. e4 c5 2. Nf3 d6 3. d4 cxd4 4.
Nxd4 Nf6 5. f3 e5 6. Nb3 Be6 7. Bg5 Be7 8. c4 Nbd7 9. Nc3 O-O 10. Be2 Rc8 11. Bxf6 Nxf6 12. Nd5 a5 13. Qd3 a4 14. Nd2 Bxd5 15. cxd5 Qb6 16. Qb5 Qd4 17. Rd1 Bd8 18. Nc4 Qa7 19. Nxd6 Rc2 20. Rd2 Rxd2 21. Kxd2 Qd4+ 22.
Kc2 Be7 23. Nf5 1-0

[Event "Late-Titled-Tuesday-Blitz-March-19-2024"]
[Site "Chess.com"]
[Date "2024.03.19"]
[Round "3"]
[White "Slovak_fighter2000"]
[Black "mishanick"]
[Result "0-1"]
[WhiteElo "2576"]
[BlackElo "3115"]
[TimeControl "180+1"]
[EndTime "14:27:23 PDT"]
[Termination "mishanick won by resignation"]

1. d4 Nf6 2. Nf3 d5 3. c4 e6 4.
Nc3 Nbd7 5. Bg5 h6 6. Bh4 c6 7. cxd5 exd5 8. e3 g5 9. Bg3 Nh5 10. Bd3 Nxg3 11. hxg3 Nb6 12. Qc2 Be6 13. Bf5 Qf6 14.
Bxe6 fxe6 15. e4 O-O-O 16. O-O-O Bb4 17. Rhe1 Rhf8 18. e5 Qg7 19. g4 h5 20. gxh5 g4 21. Ng1 Qg5+ 22. Kb1 Qxh5 23. f3 Kb8 24. a3 Bxc3 25.
Qxc3 Qh2 26. Re2 Qg3 27. fxg4 Qxg4 28. Nf3 Rh8 29. Ka2 Nd7 30. Qb4 Ka8 31. Rd3 Rc8 32. Rb3 Rc7 33. Qd6 Rhc8 34. Rf2 c5 35. Rc2 c4 36. Rb4 Nb6 37. Rc3 Rc6 38. Qe7 Qxg2 39. Ng5 Qg4 40. Nf7 R6c7 41. Qf6 Rf8 42. Nh6 Rxf6 43. Nxg4 Rf4 0-1

[Event "Late-Titled-Tuesday-Blitz-March-19-2024"]
[Site "Chess.com"]
[Date "2024.03.19"]
[Round "3"]
[White "KorolDimitriy75"]
[Black "babero_gordo"]
[Result "1-0"]
[WhiteElo "2393"]
[BlackElo "2114"]
[TimeControl "180+1"]
[EndTime "14:27:23 PDT"]
[Termination "KorolDimitriy75 won by resignation"]

1. d4 Nf6 2. c4 e6 3. Nc3 Bb4 4. Qc2 O-O 5. e4 d5 6. cxd5 exd5 7. e5 Ne4 8. Bd3 f6 9. Ne2 fxe5 10. O-O Nc6 11.
Nxd5 Nf6 12. Nxb4 Nxb4 13. Qb3+ Nfd5 14. Be4 Be6 15. dxe5 Nf4 16. Qxb4 Nxe2+ 17. Kh1 Qh4 18. Be3 Nf4 19. Qxb7 Rae8 20. g3 Qg4 21. Bxf4 Rxf4 22. gxf4 Qxf4 23. Qc6 Qxe5 24. Rae1 Qf6 25. Bd5 1-0

[Event "Late-Titled-Tuesday-Blitz-March-19-2024"]
[Site "Chess.com"]
[Date "2024.03.19"]
[Round "3"]
[White "Firouzja2003"]
[Black "DavidGavrilescu18"]
[Result "1-0"]
[WhiteElo "3104"]
[BlackElo "2761"]
[TimeControl "180+1"]
[EndTime "14:27:25 PDT"]
[Termination "Firouzja2003 won by resignation"]

1. Nf3 d5 2. g3 e6 3. Bg2 Nf6 4. O-O Be7 5. d3 O-O 6. Re1 c5 7. Nbd2 Nc6 8. e4 Qc7 9. Qe2 b5 10. c3 a5 11. Nf1 dxe4 12. dxe4 Ba6 13. e5 Nd5 14. Qe4 Rad8 15. h4 h6 16. N1h2 Bc8 17. Ng4 f5 18. exf6 Nxf6 19. Nxf6+ Bxf6 20. Bf4 Qb6 21. Rad1 Ne7 22. Ne5 c4 23. Ng4 Rxd1 24. Rxd1 Nd5 25.
Nxh6+ gxh6 26. Qg6+ Kh8 27. Qxh6+ Kg8 28. Qg6+ Kh8 29. Bxd5 exd5 30. Rxd5 Bg4 31. Qh6+ Kg8 32. Qg6+ Kh8 33. Qxg4 Bg7 34. Rh5+ Kg8 35. Rg5 Qa7 36.
Be3 Qe7 37. Bd4 Rf7 38. Rxg7+ Rxg7 39. Qxg7+ Qxg7 40. Bxg7 1-0

[Event "Late-Titled-Tuesday-Blitz-March-19-2024"]
[Site "Chess.com"]
[Date "2024.03.19"]
[Round "3"]
[White "jocmil"]
[Black "FabianoCaruana"]
[Result "0-1"]
[WhiteElo "2753"]
[BlackElo "3075"]
[TimeControl "180+1"]
[EndTime "14:27:25 PDT"]
[Termination "FabianoCaruana won by resignation"]

1. d4 Nf6 2. Bg5 Nc6 3. Nc3 d5 4. Nf3 Bf5 5. e3 e6 6. Bb5 a6 7. Bxc6+ bxc6 8. Ne5 c5 9. g4 Bg6 10. h4 h6 11. Nxg6 fxg6 12. Bf4 c4 13. a3 Bd6 14.
Ne2 O-O 15. g5 hxg5 16. hxg5 Ne4 17. f3 Nxg5 18. Kf2 Nxf3 19. Kxf3 g5 20. Qg1 gxf4 21. Qg6 Qf6 22. Qxf6 Rxf6 23. exf4 Bxf4 24. Nxf4 Raf8 25. Rh4 g5 26. Rg4 Rxf4+ 27. Kg3 Rf3+ 28. Kh2 R8f5 29. Rag1 Rf2+ 30. R4g2 Kf7 31. Kh3 Rxg2 32. Rxg2 Kg6 33. Re2 Kf6 34. b3 cxb3 35. cxb3 Rf3+ 36. Kg4 Rf4+ 37.
Kg3 Rxd4 38. Rc2 Rd3+ 39. Kg4 Rxb3 40. Rxc7 Rxa3 0-1

[Event "Late-Titled-Tuesday-Blitz-March-19-2024"]
[Site "Chess.com"]
[Date "2024.03.19"]
[Round "3"]
[White "kleber2007"]
[Black "Dhaydon19"]
[Result "0-1"]
[WhiteElo "2491"]
[BlackElo "2664"]
[TimeControl "180+1"]
[EndTime "14:27:25 PDT"]
[Termination "Dhaydon19 won by resignation"]

1. Nf3 d5 2. g3 Nf6 3. Bg2 e6 4. O-O b6 5. c4 Bb7 6. cxd5 Bxd5 7. Nc3 Bb7 8. d4 Nbd7 9. Re1 Bb4 10. Bg5 O-O 11.
e4 h6 12. Bxf6 Nxf6 13. Ne5 c5 14. a3 Bxc3 15. bxc3 Qc7 16. Ng4 Nxg4 17. Qxg4 Rad8 18. Rad1 cxd4 19. cxd4 Qc3 20. d5 exd5 21. exd5 Qxa3 22. Be4 Qd6 23. h4 Bc8 24. Qf3 f5 25. Bb1 f4 26.
g4 Rfe8 27. Qd3 Bxg4 28. Qh7+ Kf7 29. h5 Rxe1+ 30. Rxe1 Rf8 31. Bg6+ Kf6 32. Be8 Bf5 33. Re6+ Qxe6 34. dxe6 Bxh7 0-1

[Event "Late-Titled-Tuesday-Blitz-March-19-2024"]
[Site "Chess.com"]
[Date "2024.03.19"]
[Round "3"]
[White "FredddieCroderg"]
[Black "YoreDea"]
[Result "1-0"]
[WhiteElo "2279"]
[BlackElo "2575"]
[TimeControl "180+1"]
[EndTime "14:27:25 PDT"]
[Termination "FredddieCroderg won by resignation"]

1. e4 c5 2. Bc4 e6 3. Qf3 Nc6 4. d3 Ne5 5. Qg3 Nxc4 6. dxc4 d5 7.
exd5 exd5 8. cxd5 Qxd5 9. Nc3 Qc6 10. Be3 Nf6 11. O-O-O Be6 12. Nf3 Ne4 13. Nxe4 Qxe4 14.
Ng5 Qc6 15. Nxe6 fxe6 16. Rhe1 Rd8 17. Rxd8+ Kxd8 18. Rd1+ Kc8 19. Bg5 b6 20. Rd8+ Kb7 21.
Qf3 Qxf3 22. gxf3 g6 23. Kd1 Kc6 24. Bf6 Kc7 25. Ra8 Rg8 26. Be7 Bxe7 27. Rxg8 Bf6 28. b3 a5 29. Rf8 Be5 30. Rf7+ Kd6 31. Rxh7 g5 32. Ke2 b5 33. h4 gxh4 34. Rxh4 Bb2 35. f4 Kd5 36. Rh5+ Kd6 37. Kd3 Bc1 38. Ke4 1-0

[Event "Late-Titled-Tuesday-Blitz-March-19-2024"]
[Site "Chess.com"]
[Date "2024.03.19"]
[Round "3"]
[White "nindjaxx8"]
[Black "Willhaven3"]
[Result "0-1"]
[WhiteElo "2669"]
[BlackElo "2514"]
[TimeControl "180+1"]
[EndTime "14:27:26 PDT"]
[Termination "Willhaven3 won by resignation"]

1. d4 f5 2. c4 Nf6 3. Nc3 e6 4. Nf3 Be7 5. Bf4 O-O 6. e3 Ne4 7. h3 Bf6 8. Bd3 Nxc3 9. bxc3 d6 10. O-O Qe8 11. Bh2 e5 12. dxe5 dxe5 13. c5 Qe7 14. Qb3+ Kh8 15. Bc4 Qxc5 16. Be6 Bxe6 17. Qxe6 e4 18.
Nd4 Nc6 19. Rfc1 Rae8 20. Qb3 Na5 21. Qa4 c6 22. Rab1 Be5 23. Qb4 Bxh2+ 24. Kxh2 Qe5+ 25. Kg1 f4 26. c4 b6 27. c5 fxe3 28. fxe3 Qg3 29. Qd2 Rf6 30. cxb6 axb6 31. Rxb6 Ref8 32. Rb2 h6 33. Re1 Nc4 34. Qc2 Nxb2 35. Qxb2 Rf2 0-1

[Event "Late-Titled-Tuesday-Blitz-March-19-2024"]
[Site "Chess.com"]
[Date "2024.03.19"]
[Round "3"]
[White "Yeritsyaan"]
[Black "Sargsyan_Shant"]
[Result "0-1"]
[WhiteElo "2665"]
[BlackElo "2935"]
[TimeControl "180+1"]
[EndTime "14:27:27 PDT"]
[Termination "Sargsyan_Shant won by resignation"]

1. c4 g6 2. Nc3 Bg7 3. e4 c5 4. d3 Nc6 5. Be3 d6 6. g3 h5 7. h4 Rb8 8. Bg2 a6 9. Nge2 b5 10. b3 Nf6 11. O-O Ng4 12. Bf4 b4 13. Nd5 e6 14. Ne3 Bxa1 15. Qxa1 e5 16. Nd5 f6 17.
Bd2 Be6 18. f4 Bxd5 19. exd5 Nd4 20. Nxd4 exd4 21. f5 Rg8 22. Bf4 g5 23. hxg5 fxg5 24. Bd2 Qf6 25. Qd1 Kd7 26. Be4 Rh8 27. a3 Ne3 28.
Bxe3 dxe3 29. axb4 Rxb4 30. Qe2 a5 31. Qa2 a4 32. bxa4 Rb2 33. Qa3 Qd4 34. Kh1 h4 35.
g4 Qe5 36. Bg2 h3 0-1

[Event "Late-Titled-Tuesday-Blitz-March-19-2024"]
[Site "Chess.com"]
[Date "2024.03.19"]
[Round "3"]
[White "xasid81"]
[Black "Igrok3069"]
[Result "0-1"]
[WhiteElo "2602"]
[BlackElo "2862"]
[TimeControl "180+1"]
[EndTime "14:27:29 PDT"]
[Termination "Igrok3069 won by checkmate"]

1. d4 d5 2. Nf3 Nf6 3. Bg5 Ne4 4. Bf4 Nc6 5. e3 f6 6. h3 g5 7. Bh2 Bg7 8. c4 e6 9. Nc3 O-O 10. Rc1 Ne7 11. cxd5 Nxc3 12. Rxc3 Nxd5 13. Rc1 c6 14. Bc4 Qa5+ 15. Qd2 Qxd2+ 16. Nxd2 Bd7 17. Ne4 b6 18. a3 h6 19. Ba6 f5 20. Nd2 f4 21. Ke2 c5 22.
dxc5 Bxb2 23. Rc2 Bxa3 24. c6 Bc8 25. Bc4 a5 26. Ne4 a4 27. Ra1 Bb4 28. Nd2 a3 29. Ne4 Ra5 30. Bb3 Ba6+ 31. Bc4 Nc3+ 32. Kd3 Rd5# 0-1

[Event "Late-Titled-Tuesday-Blitz-March-19-2024"]
[Site "Chess.com"]
[Date "2024.03.19"]
[Round "3"]
[White "wild3000"]
[Black "martinmena"]
[Result "1-0"]
[WhiteElo "2440"]
[BlackElo "2248"]
[TimeControl "180+1"]
[EndTime "14:27:29 PDT"]
[Termination "wild3000 won on time"]

1. d4 d5 2. g3 Nf6 3. Bg2 e6 4. Nf3 Be7 5. O-O O-O 6. b3 c5 7.
Bb2 Nc6 8. e3 b6 9. c4 Bb7 10.
Nc3 a6 11. cxd5 Nxd5 12. Nxd5 Qxd5 13. Ne5 Qd6 14. dxc5 Qxd1 15. Rfxd1 Nxe5 16. Bxb7 Rab8 17. Bxa6 Nc6 18. cxb6 Rxb6 19. Be2 Nb4 20. Rd7 Re8 21. a3 Nc2 22. Rc1 Rc6 23. Bd1 Bxa3 24. Bxa3 Nb4 25.
Rxc6 Nxc6 26. Rc7 Ne5 27. f4 Ng6 28. Kf2 Ra8 29. Bd6 h6 30. b4 Ra2+ 31. Be2 Kh7 32. Kf3 Rb2 33. h4 h5 34. Rxf7 1-0

[Event "Late-Titled-Tuesday-Blitz-March-19-2024"]
[Site "Chess.com"]
[Date "2024.03.19"]
[Round "3"]
[White "rychessmaster1"]
[Black "jefferyx"]
[Result "0-1"]
[WhiteElo "2759"]
[BlackElo "3099"]
[TimeControl "180+1"]
[EndTime "14:27:31 PDT"]
[Termination "jefferyx won by resignation"]

1. Nf3 c5 2. c4 Nf6 3. Nc3 d5 4. cxd5 Nxd5 5. d4 Nxc3 6. bxc3 g6 7. e3 Bg7 8. Bb5+ Bd7 9. Be2 O-O 10. O-O Bc6 11. Ba3 b6 12. dxc5 Bxc3 13. Rc1 Bf6 14.
Nd4 Bxd4 15. exd4 b5 16. Bf3 e6 17. Bb2 Bd5 18. a4 bxa4 19. Ra1 Nc6 20. Rxa4 a5 21. Bc3 Qd7 22. Be2 Rfb8 23. Qa1 Qc7 24. h3 Qb7 25. Bd3 Bxg2 26. Rb1 Nb4 27. Bxb4 axb4 28. Rxa8 Rxa8 29. Qb2 Bxh3 30. Bf1 Bxf1 31. Kxf1 Qh1+ 32. Ke2 Qe4+ 33. Kf1 Rd8 34. Rd1 Rd5 35. Qe2 0-1

[Event "Late-Titled-Tuesday-Blitz-March-19-2024"]
[Site "Chess.com"]
[Date "2024.03.19"]
[Round "3"]
[White "TenisMaster"]
[Black "Alex_Banzea"]
[Result "1-0"]
[WhiteElo "2860"]
[BlackElo "2590"]
[TimeControl "180+1"]
[EndTime "14:27:31 PDT"]
[Termination "TenisMaster won on time"]

1. e4 c6 2. d4 d5 3. e5 c5 4.
dxc5 Nc6 5. f4 Nh6 6. Nf3 Bg4 7. Be3 g5 8. fxg5 Nf5 9. Bf2 e6 10. Nbd2 h6 11. g6 fxg6 12. h3 Bxf3 13. Qxf3 Nxe5 14.
Qb3 Qc7 15. g4 Ne7 16. Bb5+ N5c6 17. O-O-O Bg7 18. Rhe1 O-O 19. Bg3 e5 20. Nf3 Kh7 21.
Bxc6 Nxc6 22. Rxd5 Qa5 23. Rd7 Rad8 24. Rxd8 Rxd8 25.
a3 Nd4 26. Nxd4 Rxd4 27. Qxb7 Qxc5 28. Bxe5 1-0

[Event "Late-Titled-Tuesday-Blitz-March-19-2024"]
[Site "Chess.com"]
[Date "2024.03.19"]
[Round "3"]
[White "jstopa4"]
[Black "Irishchessman16"]
[Result "0-1"]
[WhiteElo "2733"]
[BlackElo "2535"]
[TimeControl "180+1"]
[EndTime "14:27:31 PDT"]
[Termination "Irishchessman16 won by resignation"]

1. e4 c5 2. Nf3 e6 3. g3 d5 4. Nc3 Nf6 5. exd5 exd5 6. Bg2 Qe7+ 7.
Qe2 Qxe2+ 8. Nxe2 Bf5 9. d3 Nc6 10. O-O Be7 11. a3 O-O 12. Re1 Rfe8 13. Bd2 Rad8 14. h3 h6 15. g4 Bh7 16. g5 hxg5 17.
Nxg5 Bf5 18. Ng3 Bg6 19. f4 Nd4 20. Rac1 Bd6 21. Rxe8+ Rxe8 22. Kf2 c4 23. dxc4 dxc4 24. Nf3 Nxc2 25. f5 Bxg3+ 26. Kxg3 Bxf5 27. Nh4 Bd3 28. Bxb7 Rb8 29. Bc6 Rxb2 30. Bc3 Rb3 31. Bxf6 gxf6 32. Kf4 Nxa3 33. Rg1+ Kf8 34. Re1 c3 35. Re8+ Kg7 36.
Bd5 Rb4+ 37. Ke3 c2 38. Kd2 Rxh4 0-1

[Event "Late-Titled-Tuesday-Blitz-March-19-2024"]
[Site "Chess.com"]
[Date "2024.03.19"]
[Round "3"]
[White "Grischuk"]
[Black "Stanbad1"]
[Result "1-0"]
[WhiteElo "3043"]
[BlackElo "2575"]
[TimeControl "180+1"]
[EndTime "14:27:34 PDT"]
[Termination "Grischuk won by resignation"]

1. d4 Nf6 2. c4 c5 3. d5 b5 4. Nf3 g6 5. cxb5 a6 6. e3 Bg7 7. Nc3 O-O 8. a4 axb5 9. Bxb5 d6 10. O-O Na6 11. e4 Nc7 12. Bc6 Rb8 13. h3 Ba6 14.
Re1 Nd7 15. Qc2 Ne5 16. Nxe5 Bxe5 17. Bh6 Bg7 18. Bxg7 Kxg7 19. e5 Rb4 20. Rad1 Qb8 21. exd6 exd6 22. Ne4 Qd8 23. Qc3+ f6 24. Qg3 f5 25.
Nxd6 Qf6 26. Nxf5+ Qxf5 27. Qxc7+ Rf7 28. Qe5+ Qxe5 29. Rxe5 Rxb2 30. f3 Be2 31. Rc1 c4 32. d6 Rd2 33. d7 Bd1 34. Rxc4 Bb3 35. Rc3 Rd1+ 36. Kh2 Ba2 37. a5 Rf8 38. Re8 Bf7 39. a6 1-0

[Event "Late-Titled-Tuesday-Blitz-March-19-2024"]
[Site "Chess.com"]
[Date "2024.03.19"]
[Round "3"]
[White "amanmuhammethommadov"]
[Black "tolimachess"]
[Result "1-0"]
[WhiteElo "2651"]
[BlackElo "2454"]
[TimeControl "180+1"]
[EndTime "14:27:35 PDT"]
[Termination "amanmuhammethommadov won by checkmate"]

1. e4 c5 2. f3 Nc6 3. Nc3 g6 4.
Bc4 Bg7 5. Nge2 e6 6. a4 Nge7 7. O-O O-O 8. d3 d5 9. Bb3 h6 10. Qe1 Nb4 11. Nd1 a5 12. Ne3 b6 13. Qh4 Nec6 14.
Qg3 Ba6 15. Rd1 Qe7 16. exd5 exd5 17. Nf4 d4 18. Ned5 Nxd5 19. Nxd5 Qd8 20. Bf4 Nb4 21. Bc7 Qf6 22. Nxf6+ Bxf6 23. Re1 Rac8 24. Bxb6 c4 25. dxc4 Bxc4 26. Bxc4 Rxc4 27. Qd6 Bg7 28. Bc5 Nxc2 29. Rac1 d3 30. Qxd3 Rxc5 31. Rxc2 Rg5 32. Rc7 Bxb2 33. Ree7 Bf6 34. Rxf7 Rxf7 35. Qc4 Bd4+ 36. Kf1 Rf5 37. Rxf7 Rxf7 38. Qxd4 Rf5 39. Ke2 Kf7 40. g4 Rf6 41.
Qd5+ Re6+ 42. Kf2 Kf6 43. Qxa5 Re5 44. Qb5 h5 45. Qxe5+ Kxe5 46. gxh5 gxh5 47. Kg3 Kf5 48. Kh4 Kg6 49. a5 Kh6 50. a6 Kg6 51. a7 Kf5 52. a8=Q Kf4 53. Qa6 Ke3 54. Qc4 Kf2 55. Qd3 Kg2 56.
f4 Kxh2 57. Qd2+ Kh1 58. Kh3 h4 59. Qd1# 1-0

[Event "Late-Titled-Tuesday-Blitz-March-19-2024"]
[Site "Chess.com"]
[Date "2024.03.19"]
[Round "3"]
[White "Sinquefield"]
[Black "Mikhail_Golubev"]
[Result "1/2-1/2"]
[WhiteElo "2519"]
[BlackElo "2716"]
[TimeControl "180+1"]
[EndTime "14:27:36 PDT"]
[Termination "Game drawn by repetition"]

1. d4 Nf6 2. Bg5 Ne4 3. Bh4 c5 4. f3 g5 5. fxe4 gxh4 6. e3 Bh6 7. Qd3 Nc6 8. c3 Qb6 9. b3 a5 10. Nd2 a4 11. Nc4 Qa6 12. d5 b5 13. dxc6 bxc4 14.
cxd7+ Bxd7 15. Qxc4 Qf6 16. Nf3 axb3 17. Qxb3 O-O 18. Kf2 Rfb8 19. Qc2 Ra3 20. Rc1 Be6 21. e5 Qg7 22. Rb1 Rba8 23. Rb2 Rxa2 24. c4 Rxb2 25. Qxb2 Qg6 26. Be2 Qe4 27. Qc3 Ra2 28. Rc1 Bxc4 29.
Re1 Rc2 30. Qa3 Ra2 31. Qc3 Rc2 32. Qa3 h3 33. gxh3 Ra2 34. Qc3 Rc2 35. Qa3 Ra2 36.
Qc1 Rc2 37. Qa3 1/2-1/2

[Event "Late-Titled-Tuesday-Blitz-March-19-2024"]
[Site "Chess.com"]
[Date "2024.03.19"]
[Round "3"]
[White "TregubovP"]
[Black "AccioChess"]
[Result "1-0"]
[WhiteElo "2665"]
[BlackElo "2492"]
[TimeControl "180+1"]
[EndTime "14:27:39 PDT"]
[Termination "TregubovP won on time"]

1. e4 c5 2. Nf3 Nc6 3. c3 Nf6 4.
e5 Nd5 5. d4 cxd4 6. cxd4 d6 7.
Bc4 e6 8. O-O Be7 9. Qe2 O-O 10.
Rd1 b6 11. Bxd5 exd5 12. Qb5 Bb7 13. Nc3 dxe5 14. dxe5 d4 15. Ne2 Bc5 16. Qa4 Qd5 17. Nf4 Qe4 18. Nd3 Be7 19. Bg5 Rfd8 20. Bxe7 Nxe7 21. Rd2 h6 22. Re1 Qg4 23. h3 Qg6 24. Qd1 Nf5 25. Nf4 Qc6 26. Nxd4 Rxd4 27. Rxd4 Nxd4 28.
Qxd4 g5 29. e6 gxf4 30. exf7+ Kxf7 31. Qxf4+ Kg8 32. Qg3+ Kh8 33. Re7 Qxg2+ 34. Qxg2 Bxg2 35. Kxg2 Rg8+ 36. Kf3 Rf8+ 37. Ke3 1-0

[Event "Late-Titled-Tuesday-Blitz-March-19-2024"]
[Site "Chess.com"]
[Date "2024.03.19"]
[Round "3"]
[White "ViktoriyaTarasova"]
[Black "Jimonios"]
[Result "0-1"]
[WhiteElo "2320"]
[BlackElo "2607"]
[TimeControl "180+1"]
[EndTime "14:27:41 PDT"]
[Termination "Jimonios won by checkmate"]

1. d4 Nf6 2. c4 e6 3. Nc3 b6 4. e4 d6 5. Bd3 Bb7 6. Nge2 g6 7. O-O Bg7 8. h3 Nbd7 9. Be3 e5 10. d5 Nc5 11.
Bc2 a5 12. f4 exf4 13. Bd4 Nh5 14. Bxg7 Nxg7 15. Qd4 O-O 16. e5 g5 17. exd6 Qxd6 18.
Nb5 Qd7 19. Nec3 Rae8 20. Rae1 Nh5 21. Bd1 Ng3 22. Rxe8 Rxe8 23. Bg4 f5 24. Qf6 fxg4 25. Qxg5+ Qg7 26. Qxg7+ Kxg7 27. Rxf4 h5 28. hxg4 h4 29. g5 Re1+ 30. Kf2 Nd3+ 31. Kf3 Rf1+ 32. Kg4 Rxf4+ 33.
Kh3 Nf1 34. Nxc7 Nf2# 0-1

[Event "Late-Titled-Tuesday-Blitz-March-19-2024"]
[Site "Chess.com"]
[Date "2024.03.19"]
[Round "3"]
[White "prochn"]
[Black "Englishman_18"]
[Result "1-0"]
[WhiteElo "2451"]
[BlackElo "2251"]
[TimeControl "180+1"]
[EndTime "14:27:42 PDT"]
[Termination "prochn won by resignation"]

1. d4 Nf6 2. c4 g6 3. g3 d5 4.
cxd5 Nxd5 5. Bg2 Bg7 6. Nf3 O-O 7. O-O Nc6 8. h3 Re8 9. e4 Nb6 10. d5 Na5 11. Nc3 c6 12. Nd4 cxd5 13. exd5 Nac4 14.
b3 Nd6 15. Bb2 Bd7 16. a4 a5 17. Re1 Rc8 18. Qd2 Rc7 19. Ncb5 Nxb5 20. axb5 Rc5 21. Ba3 Rxd5 22. Bxd5 Nxd5 23. Kh2 e5 24. Nf3 e4 25.
Qxd5 exf3 26. Rad1 Rxe1 27. Rxe1 Qb6 28. Bc5 Qxb5 29.
Re7 Bf8 30. Qxf7+ 1-0

[Event "Late-Titled-Tuesday-Blitz-March-19-2024"]
[Site "Chess.com"]
[Date "2024.03.19"]
[Round "3"]
[White "Kampkatten"]
[Black "AmanteDeMoi"]
[Result "1-0"]
[WhiteElo "2848"]
[BlackElo "2583"]
[TimeControl "180+1"]
[EndTime "14:27:43 PDT"]
[Termination "Kampkatten won by checkmate"]

1. Nf3 g6 2. e4 Bg7 3. d4 d6 4. Be2 e5 5. dxe5 dxe5 6. Qxd8+ Kxd8 7. O-O f6 8. Be3 Be6 9. Nfd2 Bh6 10. Bxh6 Nxh6 11.
Bc4 Ke7 12. Nc3 c6 13. Bxe6 Kxe6 14. Nc4 Nf7 15. a4 Rd8 16. Na5 b6 17. Nc4 Rd4 18.
b3 Na6 19. f3 Nc5 20. Rfd1 Rad8 21. Rxd4 exd4 22. Ne2 Ne5 23. Nf4+ Ke7 24. Nd2 d3 25. c3 a5 26. Kf2 g5 27. Nh5 Ke6 28. Ng7+ Kf7 29.
Nf5 Ra8 30. Ke3 Ra7 31. g3 h5 32. h3 Ra6 33. f4 gxf4+ 34. gxf4 Ng6 35. Rg1 Nf8 36.
Rg7+ Ke6 37. Re7# 1-0

[Event "Late-Titled-Tuesday-Blitz-March-19-2024"]
[Site "Chess.com"]
[Date "2024.03.19"]
[Round "3"]
[White "Schattman"]
[Black "dawid498"]
[Result "0-1"]
[WhiteElo "2509"]
[BlackElo "2697"]
[TimeControl "180+1"]
[EndTime "14:27:43 PDT"]
[Termination "dawid498 won on time"]

1. d4 Nf6 2. Nf3 g6 3. g3 Bg7 4. Bg2 O-O 5. O-O d5 6. c4 dxc4 7. Na3 Na6 8. Nxc4 c5 9. dxc5 Be6 10. Nfd2 Nxc5 11. b4 Nd5 12. Ba3 Bxa1 13. Qxa1 Na4 14.
Re1 Rc8 15. Qe5 Nf6 16. h3 Bxc4 17. Nxc4 Rxc4 18. Bxb7 Qd4 19. Qb5 Nc3 20. Qa6 Nce4 21. e3 Qd2 22. Rf1 Rc2 23. Bc1 Rxc1 24. Rxc1 Qxc1+ 25. Kg2 Qd2 26. Bxe4 Nxe4 27. Kf3 Qxf2+ 28. Kxe4 Qf5+ 29.
Kd4 Rd8+ 30. Kc3 Qe5+ 0-1